 Dungeon Crawl Stone Soup version 0.29-a0-275-g389c0b56f3 (webtiles) character file.

Game seed: 434123391921186074

92 siradein the Bolt Thrower (level 4, -1/52 HPs)
             Began as a Merfolk Hunter on Mar 11, 2022.
             Slain by an orc wizard
             ... wielding a +0 dagger
              (2 damage)
             ... on level 3 of the Dungeon.
             The game lasted 00:05:40 (1945 turns).

siradein the Bolt Thrower (Merfolk Hunter)          Turns: 1945, Time: 00:05:41

Health: -1/52      AC: 22    Str: 12    XL:     4   Next: 60%
Magic:  4/4        EV:  2    Int: 10    God:
Gold:   114        SH:  0    Dex: 16    Spells: 3/3 levels left

rFire   + . .      SeeInvis .   a - +1 hand crossbow (freeze)
rCold   + . .      Faith    .   (no shield)
rNeg    . . .      Spirit   .   (body armour currently unavailable)
rPois   +          Reflect  .   (helmet currently unavailable)
rElec   +          Harm     .   (cloak currently unavailable)
rCorr   +          Rampage  .   (gloves currently unavailable)
Will    .....      NoTele   +   (boots currently unavailable)
Stlth   +.........              (no amulet)
HPRegen 0.17/turn               (no ring)
MPRegen 0.09/turn               (no ring)

@: confused, tree-form (expiring), resistant, attractive, hasted, invisible,
very quick
A: stationary, stasis, torment immunity, boosted hp, (nimble swimmer 2),
(mertail)
a: no special abilities


You were on level 3 of the Dungeon.
You were a tree.
You visited 1 branch of the dungeon, and saw 3 of its levels.

You collected 114 gold pieces.

Inventory:

Hand Weapons
 a - a +1 hand crossbow of freezing (weapon)
Armour
 b - a +0 leather armour (melded)
 g - a +0 pair of gloves (melded)
 i - a scarf of shadows (melded)
Scrolls
 c - a scroll of immolation
 e - 3 scrolls of brand weapon
 f - a scroll of enchant armour {unknown}
 h - a scroll of fog {unknown}
 k - a scroll of holy word {unknown}
 l - a scroll of teleportation {unknown}
 n - 2 scrolls of identify {unknown}


   Skills:
 + Level 3.2 Fighting
 * Level 4.1 Crossbows
 + Level 3.9 Dodging
 - Level 1.1 Stealth


You had 3 spell levels left.
You didn't know any spells.
Your spell library was empty.

Dungeon Overview and Level Annotations

Branches:
Dungeon (3/15)

Altars:

Shops:
D:1 ?


Innate Abilities, Weirdness & Mutations

You are a tree.
Your roots penetrate the ground, keeping you stationary.
You cannot be teleported.
You are immune to unholy pain and torment.
Your maximum health is greatly increased.
Your equipment is partially melded.
((You are very nimble when in or above water. (Stealth+, EV+, Speed+++)))
((Your lower body shifts to a powerful aquatic tail in water.))


Message History

You are more confused.
Non-targeted confused shoot: a) +1 hand crossbow (freeze)
Press: ? - help, Q - select action Dir - look around, f - activate You shoot a bolt.
Something hits you.
* * * LOW HITPOINT WARNING * * *
Unknown command.
Non-targeted confused shoot: a) +1 hand crossbow (freeze)
Press: ? - help, Q - select action Dir - look around, f - activate You shoot a bolt.
Reactivating autopickup.
You feel a bit more experienced. Something is attracted toward you.
Non-targeted confused shoot: a) +1 hand crossbow (freeze)
Press: ? - help, Q - select action Dir - look around, f - activate You shoot a bolt.
The orc hits you with a +0 club.
* * * LOW HITPOINT WARNING * * *
Non-targeted confused shoot: a) +1 hand crossbow (freeze)
Press: ? - help, Q - select action Dir - look around, f - activate You shoot a bolt.
Non-targeted confused shoot: a) +1 hand crossbow (freeze)
Press: ? - help, Q - select action Dir - look around, f - activate You shoot a bolt.
The orc hits you with a +0 club.
* * * LOW HITPOINT WARNING * * *
You hear some strange, mumbled words.
The orc appears confused.
The orc shouts!
Non-targeted confused shoot: a) +1 hand crossbow (freeze)
Press: ? - help, Q - select action Dir - look around, f - activate You shoot a bolt.
The bolt hits the orc.
The bolt freezes the orc.
You kill the orc!
Your transformation is almost over.
Something is attracted toward you.
Non-targeted confused shoot: a) +1 hand crossbow (freeze)
Press: ? - help, Q - select action Dir - look around, f - activate You shoot a bolt.
Something hits you.
You die...

#.# #.#######...#...
#.#####..............o.
#.#...........#...#K..#
#.#.###...........o....
#.# ##.....)#########
#.# #....§)#.# #.#
######.#.# #.# #)#.#
#.# #♣#.# #.#
.)......#.#
#.#############.#
#...............#
#################


There were no monsters in sight!

Vanquished Creatures
  An orc wizard (D:3)
  2 adders (D:2)
  A dart slug (D:1)
  3 orcs (D:3)
  6 bats (D:1)
  4 endoplasms
  A giant cockroach (D:2)
  4 goblins
  5 hobgoblins
  8 kobolds
  A quokka (D:3)
  3 ball pythons
  5 frilled lizards
  3 rats
47 creatures vanquished.

Notes
Turn   | Place    | Note
-------+----------+-------------------------------------------
     0 | D:1      | siradein the Merfolk Hunter began the quest for the Orb.
     0 | D:1      | Reached XP level 1. HP: 16/16 MP: 1/1
    76 | D:1      | Found Keitig's Magic Scroll Emporium.
   128 | D:1      | Reached XP level 2. HP: 23/23 MP: 2/2
   716 | D:1      | Reached XP level 3. HP: 28/28 MP: 3/3
  1355 | D:2      | Reached XP level 4. HP: 35/35 MP: 4/4
  1674 | D:2      | Found a faded altar of an unknown god.
  1927 | D:3      | Reached skill level 4 in Crossbows
  1943 | D:3      | HP: 1/52 [orc/+0 club (4)]
  1945 | D:3      | Slain by an orc wizard

Illustrated notes

Levels and vault maps discovered:
D:1:      lemuel_arrival_broad_hall, layout_loops_corners, serial_shops,
          nicolae_shop_stone
D:2:      layout_loops_ring, shapermc_ecumenical_altar_pompeii,
          amcnicky_mini_pool_small, minmay_distorted
D:3:      layout_basic, lemuel_coloured_pillars_altar

Skill      XL: |  1  2  3  4 |
---------------+-------------+-----
Dodging        | 3 |  3.9
Fighting       | 3 |  3.2
Crossbows      | 4 |  4.1
Stealth        | |  1.1

Action                   |  1- 3 |  4- 6 || total
-------------------------+-------+-------++-------
 Fire: Hand crossbow     |   101 |    44 ||   145
  Use: Potion            |       |     6 ||     6
       Scroll            |       |     1 ||     1
Armor: Leather armour    |    18 |     4 ||    22
       Skin              |       |     2 ||     2
Dodge: Dodged            |    33 |    10 ||    43

Table legend: (Time is in decaauts)
 A = Elapsed time spent in this place.
 B = Non-inter-level travel time spent in this place.
 C = Inter-level travel time spent in this place.
 D = Time resting spent in this place.
 E = Time spent auto-exploring this place.
 F = Levels seen in this place.
 G = Mean time per level.
                   A        B        C        D        E       F      G
               +--------+--------+--------+--------+--------+-----+--------+
         Total |   1991 |   1965 |     26 |      0 |   1621 |   3 |  663.7 |
       Dungeon |   1991 |   1965 |     26 |      0 |   1621 |   3 |  663.7 |
               +--------+--------+--------+--------+--------+-----+--------+

Top non-repeatable levels by time:
     D:1: 1109 daAuts
     D:2: 612 daAuts
     D:3: 270 daAuts
